 Dungeon Crawl Stone Soup version 0.29.0-4-gdea44cf6ec (webtiles) character file.

Game seed: 12394177120822281463

312 qw the Chopper (level 6, -3/52 HPs)
             Began as a Minotaur Berserker on Sept 5, 2022.
             Was a Believer of Trog.
             Slain by a gnoll
             ... wielding a +0 spear
              (5 damage)
             ... on level 4 of the Dungeon.
             The game lasted 00:00:51 (2669 turns).

qw the Chopper (Minotaur Berserker)                 Turns: 2669, Time: 00:00:51

Health: -3/52      AC:  6    Str: 23    XL:     6   Next: 18%
Magic:  5/5        EV: 10    Int: 10    God:    Trog [**....]
Gold:   83         SH: 11    Dex: 10    Spells: 5/5 levels left

rFire   . . .      SeeInvis .   Y - +0 hand axe
rCold   + . .      Faith    .   d - +2 buckler
rNeg    . . .      Spirit   .   e - +0 scale mail
rPois   .          Reflect  +   (helmet restricted)
rElec   .          Harm     .   (no cloak)
rCorr   .          Rampage  .   (no gloves)
Will    .....                   (no boots)
Stlth   ..........              g - amulet of reflection
HPRegen 0.17/turn               f - ring of protection from cold
MPRegen 0.09/turn               k - +6 ring of intelligence

@: on berserk cooldown, slowed, very slow
A: horns 2, retaliatory headbutt
a: Renounce Religion, Berserk, Trog's Hand


You were on level 4 of the Dungeon.
You worshipped Trog.
Trog was pleased with you.
You visited 1 branch of the dungeon, and saw 4 of its levels.

You collected 83 gold pieces.


Innate Abilities, Weirdness & Mutations

You have a pair of horns on your head.
You reflexively headbutt those who attack you in melee.


   Skills:
 - Level 4.3 Fighting
 + Level 7.6 Axes
 - Level 2.4 Armour
 - Level 2.1 Dodging
 - Level 2.3 Shields


You had 5 spell levels left.
You didn't know any spells.
Your spell library was empty.

Inventory:

Hand Weapons
 i - a +0 whip
 Y - a +0 hand axe (weapon)
Missiles
 c - 2 boomerangs (quivered)
Armour
 d - a +2 buckler (worn)
 e - a +0 scale mail (worn)
 m - a +1 leather armour of fire resistance
Jewellery
 a - the amulet "Pyull" {Spirit rC- Dex+7}
   (You acquired it on level 1 of the Dungeon)

   [amulet of guardian spirit]

   It causes incoming damage to be divided between your reserves of health and
   magic.
   Dex:       It affects your dexterity (+7).
   rC:        It makes you vulnerable to cold.
 f - a ring of protection from cold (left hand)
 g - an amulet of reflection (around neck)
 k - a +6 ring of intelligence (right hand)
Scrolls
 l - a scroll of identify
 n - a scroll of teleportation {unknown}
 o - a scroll of butterflies {unknown}
Potions
 b - a potion of berserk rage {unknown}
 h - a potion of mutation {unknown}
 j - a potion of curing {unknown}

Dungeon Overview and Level Annotations

Branches:
Dungeon (3/15)

Altars:

Shops:
D:3 (

Annotations:
D:3 1 runed translucent door, Crazy Yiuf


Message History

You feel yourself slow down. You block the sky beast's attack.
You closely miss the sky beast.
You headbutt the sky beast, but do no damage.
The sky beast barely misses you.
The sky beast flickers out of sight!
Deactivating autopickup; reactivate with Ctrl-A.
Something hits you. Something shocks you.
You miss something. Something hits you but does no damage.
You hit something. Your headbutt misses something.
Something hits you but does no damage.
You barely miss something. Something hits you but does no damage.
A sky beast appears from thin air!
Reactivating autopickup.
You block the sky beast's attack.
You hit the sky beast but do no damage.
The sky beast is lightly wounded.
The sky beast hits you but does no damage.
A dart slug comes into view.
You barely miss the sky beast.
The sky beast is lightly wounded.
The sky beast flickers out of sight!
Deactivating autopickup; reactivate with Ctrl-A.
Something completely misses you. You block something's attack.
You miss something. Something hits you. Something shocks you.
You closely miss something. Something hits you. Something shocks you.
A gnoll comes into view. It is wielding a +0 spear.
Something hits you. Something shocks you.
You closely miss something.
The gnoll shouts!
Something hits you. Something shocks you.
You hit something. Something hits you. Something shocks you.
The dart slug launches a dart at you.
The slug dart hits you but does no damage.
You block the gnoll's attack. Something hits you. Something shocks you.
You hit something but do no damage.
The gnoll hits you from afar with a +0 spear.
You die...

..###
....#
....
...
#...
... ...
...
..###.#
gg##.#
#{##.#
#@##.#
#)##.#
#)##.#
#.w..#
#..###
#...#
#....#
..##.#
..## .#


You could see 2 gnolls and a dart slug.

Vanquished Creatures
  A howler monkey (D:4)
  2 hounds
  A jelly (D:4)
  Terence (D:2)
  Natasha (D:2)
  Robin (D:2)
  4 adders
  A gnoll (D:4)
  A worm (D:2)
  2 dart slugs (D:1)
  An orc (D:3)
  6 ball pythons
  3 endoplasms
  2 giant cockroaches (D:1)
  10 goblins
  6 hobgoblins
  7 jackals
  8 kobolds
  2 quokkas
  7 bats
  A frilled lizard (D:1)
  4 rats
72 creatures vanquished.

Notes
Turn   | Place    | Note
-------+----------+-------------------------------------------
     0 | D:1      | qw the Minotaur Berserker began the quest for the Orb.
     0 | D:1      | Reached XP level 1. HP: 19/19 MP: 0/0
     0 | D:1      | 0 ||| qw: Version: 0.1-a-104-g96f76f8
     0 | D:1      | 0 ||| qw: Game counter: 5813
     0 | D:1      | 0 ||| qw: Always use a shield: true
     0 | D:1      | 0 ||| qw: Do Orc after D:15 true
     0 | D:1      | 0 ||| qw: Do second Lair branch before Depths: true
     0 | D:1      | 0 ||| qw: Lair rune preference: random
     0 | D:1      | 0 ||| qw: Plans: Normal
     0 | D:1      | 0 ||| PLANNING D:1-11
   114 | D:1      | Reached skill level 4 in Axes
   126 | D:1      | 126 ||| Stepping ~*~*~tactically~*~*~ (stealth).
   129 | D:1      | Reached XP level 2. HP: 26/26 MP: 1/1
   350 | D:1      | Found a faded altar of an unknown god.
   369 | D:1      | 369 ||| Stepping ~*~*~tactically~*~*~ (hiding).
   566 | D:1      | Reached skill level 5 in Axes
   685 | D:1      | Reached XP level 3. HP: 26/31 MP: 2/2
   824 | D:1      | 824 ||| DROPPING +0 club.
  1006 | D:1      | Reached ** piety under Trog
  1077 | D:1      | 1077 ||| UPGRADING to amulet of reflection.
  1082 | D:1      | 1082 ||| UPGRADING to ring of protection from cold.
  1083 | D:1      | 1083 ||| READING scroll labelled YLEGOC MIRELIUT.
  1083 | D:1      | Identified a scroll of acquirement
  1083 | D:1      | 1083 ||| ACQUIRING amulet "Pyull" {Spirit rC- Dex+7}
  1083 | D:1      | Acquired the amulet "Pyull" {Spirit rC- Dex+7}
  1121 | D:2      | 1121 ||| STAIRDANCE
  1364 | D:2      | Noticed Terence
  1367 | D:2      | 1367 ||| INVOKING Berserk.
  1368 | D:2      | Killed Terence
  1369 | D:2      | Reached skill level 6 in Axes
  1369 | D:2      | Reached XP level 4. HP: 39/39 MP: 3/3
  1594 | D:2      | 1594 ||| Stepping ~*~*~tactically~*~*~ (stealth).
  1598 | D:2      | 1598 ||| Stepping ~*~*~tactically~*~*~ (stealth).
  1693 | D:2      | 1693 ||| Stepping ~*~*~tactically~*~*~ (stealth).
  1695 | D:2      | Noticed Robin
  1696 | D:2      | 1696 ||| Stepping ~*~*~tactically~*~*~ (stealth).
  1699 | D:2      | 1699 ||| Stepping ~*~*~tactically~*~*~ (hiding).
  1703 | D:2      | 1703 ||| INVOKING Berserk.
  1705 | D:2      | Killed Robin
  1712 | D:2      | 1712 ||| FLEEEEING.
  1713 | D:2      | 1713 ||| FLEEEEING.
  1715 | D:2      | 1715 ||| STAIRDANCE
  1817 | D:1      | 1817 ||| UPGRADING to +0 scale mail.
  1827 | D:1      | 1827 ||| DROPPING +0 animal skin.
  1828 | D:1      | 1828 ||| READING scroll labelled OPNUFO YPOSU.
  2128 | D:2      | Noticed Natasha
  2131 | D:2      | 2131 ||| INVOKING Berserk.
  2137 | D:2      | Killed Natasha
  2287 | D:2      | 2287 ||| UPGRADING to +2 buckler.
  2292 | D:2      | 2292 ||| UPGRADING to +6 ring of intelligence.
  2293 | D:2      | 2293 ||| DRINKING 2 pink potions.
  2294 | D:2      | 2294 ||| DROPPING potion of attraction.
  2318 | D:3      | Found Dyuhyit's Weapon Shoppe.
  2331 | D:3      | Reached XP level 5. HP: 45/45 MP: 4/4
  2368 | D:3      | 2368 ||| Stepping ~*~*~tactically~*~*~ (stealth).
  2369 | D:3      | 2369 ||| Stepping ~*~*~tactically~*~*~ (stealth).
  2376 | D:3      | Reached skill level 1 in Shields
  2410 | D:3      | Found a runed translucent door.
  2411 | D:3      | Noticed Crazy Yiuf
  2465 | D:3      | Reached skill level 7 in Axes
  2502 | D:3      | 2502 ||| Stepping ~*~*~tactically~*~*~ (stealth).
  2527 | D:3      | You fall into a shaft and drop 1 floor!
  2535 | D:4      | 2535 ||| INVOKING Berserk.
  2631 | D:4      | 2631 ||| Stepping ~*~*~tactically~*~*~ (stealth).
  2637 | D:4      | Noticed a sky beast
  2638 | D:4      | 2638 ||| Stepping ~*~*~tactically~*~*~ (stealth).
  2639 | D:4      | 2639 ||| Stepping ~*~*~tactically~*~*~ (stealth).
  2644 | D:4      | 2644 ||| INVOKING Berserk.
  2654 | D:4      | Reached XP level 6. HP: 52/52 MP: 5/5
  2668 | D:4      | HP: 10/52 [something (5)]
  2668 | D:4      | HP: 1/52 [something (5)]
  2669 | D:4      | Slain by a gnoll

Levels and vault maps discovered:
D:1:      elethiomel_arrival_infinity_welcomes_careful_drivers,
          layout_loops_ring, ebering_ecumenical_altar_ruins
D:2:      layout_loops_cross, uniq_robin, uniq_natasha, uniq_terence
D:3:      layout_loops_cross, nemelex_dance_club_becter, lemuel_doored_altar,
          serial_shops, shop, minmay_pentomino_pile, uniq_ijyb, uniq_sigmund,
          uniq_jessica, uniq_crazy_yiuf_cottage
D:4:      layout_rooms, mainiacjoe_overflow_alcove_1,
          mainiacjoe_overflow_24_doors, kennysheep_generic_room_7

Skill      XL: |  1  2  3  4  5 |
---------------+----------------+-----
Axes           | 4 5 6 7 |  7.6
Shields        | 2 |  2.3
Fighting       | 4 |  4.3
Armour         | |  2.4
Dodging        | |  2.1

Action                   |  1- 3 |  4- 6 || total
-------------------------+-------+-------++-------
Melee: Hand axe          |    50 |    92 ||   142
       Headbutt          |     6 |    15 ||    21
Throw: Boomerang         |    33 |    24 ||    57
Invok: Berserk           |     1 |     4 ||     5
  Use: Scroll            |     1 |     1 ||     2
       Potion            |       |     1 ||     1
Armor: Animal skin       |     4 |     1 ||     5
       Scale mail        |       |    21 ||    21
Dodge: Dodged            |    20 |    17 ||    37
Block: Other             |     2 |     3 ||     5
       Buckler           |       |    25 ||    25

Table legend:
 A = Non-vault XP
 B = Vault XP
 C = Vault XP percentage of total XP
 D = Non-vault monster count
 E = Vault monster count
 F = Vault count percentage of total count
                 A         B        C        D         E       F
            +---------+---------+-------+---------+---------+-------
      Total |     264 |     182 |  40.8 |      53 |      19 |  26.4
            +---------+---------+-------+---------+---------+-------
        D:1 |      55 |       0 |   0.0 |      31 |       0 |   0.0
        D:2 |      27 |     107 |  79.9 |       7 |      13 |  65.0
        D:3 |      30 |      75 |  71.4 |      10 |       6 |  37.5
        D:4 |     152 |       0 |   0.0 |       5 |       0 |   0.0
            +---------+---------+-------+---------+---------+-------
